 Dungeon Crawl Stone Soup version 0.27.0-1-g7a089689b8 (webtiles) character file.

Game seed: 10994001542038430696

245 mandarbmax the Shooter (level 5, -1/46 HPs)
             Began as a Minotaur Hunter on Aug 7, 2021.
             Was a Follower of the Shining One.
             Shot with a sling bullet by Joseph (6 damage)
             ... on level 7 of the Dungeon.
             The game lasted 00:03:59 (3587 turns).

mandarbmax the Shooter (Minotaur Hunter)            Turns: 3587, Time: 00:04:00

Health: -1/46      AC: 12    Str: 18    XL:     5   Next: 83%
Magic:  5/5        EV:  8    Int:  8    God:    the Shining One [*.....]
Gold:   290        SH:  0    Dex: 10    Spells: 4/4 levels left

rFire    . . .     SeeInvis .   j - +0 quarterstaff
rCold    . . .     Faith    .   (shield currently unavailable)
rNeg     . . .     Spirit   .   o - +0 chain mail
rPois    .         Reflect  .   (helmet restricted)
rElec    .         Harm     .   c - +1 cloak {Will+}
rCorr    .         Rampage  .   (no gloves)
Will     +....                  m - +0 pair of boots
Stlth    ..........             (no amulet)
HPRegen  0.15/turn              (no ring)
MPRegen  0.09/turn              (no ring)

@: glowing
A: horns 2, retaliatory headbutt
a: Renounce Religion


You were on level 7 of the Dungeon.
You worshipped the Shining One.
The Shining One was aware of your devotion.
You visited 1 branch of the dungeon, and saw 5 of its levels.

You collected 290 gold pieces.

Inventory:

Hand Weapons
 a - a +1 shortbow
 j - a +0 quarterstaff (weapon)
Missiles
 d - 20 arrows
Armour
 c - a +1 cloak of willpower (worn)
 m - a +0 pair of boots (worn)
 o - a +0 chain mail (worn)
Scrolls
 b - a scroll of magic mapping
 g - 3 scrolls of teleportation {unknown}
 i - a scroll of blinking
 l - 2 scrolls of vulnerability {unknown}
Potions
 h - 3 potions of attraction
 k - a potion of mutation


   Skills:
 + Level 3.9 Fighting
 + Level 5.2 Bows
 + Level 2.7 Armour
 + Level 3.4 Dodging
 - Level 0.7 Stealth
 * Level 2.5 Invocations


You had 4 spell levels left.
You didn't know any spells.
Your spell library contained the following spells:

 Spells                   Type           Power      Damage    Failure   Level
 Conjure Flame            Conj/Fire      0%         6-21      100%        3
 Ignite Poison            Fire/Tmut/Pois 0%         N/A       100%        3
 Sticky Flame             Conj/Fire      0%         2d3       100%        4


Dungeon Overview and Level Annotations

Branches:
Dungeon (4/15)
 Temple: D:4-7

Altars:
Cheibriados
Gozag
The Shining One

Annotations:
D:7 Joseph


Innate Abilities, Weirdness & Mutations

You have a pair of horns on your head.
You reflexively headbutt those who attack you in melee.


Message History

You hit the orc wizard.
You kill the orc wizard!
You closely miss the orc wizard. The orc wizard barely misses you.
The orc wizard gestures at you while chanting.
The puff of flame hits you but does no damage.
You barely miss the orc wizard.
The orc wizard hits you but does no damage.
You sock the orc wizard!
The orc wizard is almost dead.
The orc wizard gestures at you while chanting.
The puff of flame hits you.
You hit the orc wizard.
You kill the orc wizard!
You hit Joseph but do no damage. You headbutt Joseph.
Joseph is lightly wounded.
Joseph unwields a +0 hunting sling.
Joseph wields a +0 quarterstaff.
Joseph hits you but does no damage.
You hit Joseph. Your headbutt misses Joseph.
Joseph is lightly wounded.
Joseph hits you but does no damage. Joseph hits you with a +0 quarterstaff!
* * * LOW HITPOINT WARNING * * *
You hit Joseph.
Joseph is lightly wounded.
Joseph hits you with a +0 quarterstaff.
* * * LOW HITPOINT WARNING * * *
You hit Joseph but do no damage. Your headbutt misses Joseph.
Joseph is lightly wounded.
Joseph hits you with a +0 quarterstaff.
* * * LOW HITPOINT WARNING * * *
You feel much better. Joseph hits you but does no damage.
Your chain mail prevents you from hitting Joseph.
Joseph is lightly wounded.
Joseph hits you with a +0 quarterstaff. Joseph hits you with a +0 quarterstaff!
* * * LOW HITPOINT WARNING * * *
Unknown command.
You feel better. Joseph hits you with a +0 quarterstaff!
* * * LOW HITPOINT WARNING * * *
Joseph unwields a +0 quarterstaff.
Joseph wields a +0 hunting sling.
Joseph shoots a sling bullet.
The sling bullet hits you.
You die...

#.######+#######
#.#............
#.'...........
#.###.##.###.# ##
##...#.######.###..#
#..+....#....)........#
..#..#....#.@######).####
..........##.# ..#
...#.#.#.###@# ..#
.............# ..#
...#.#.#.....### @.#
..........##...... ..#
.#.#.#.#..##...... ..#
#..........######
#######....# #....+
########'####


You could see Joseph.

Vanquished Creatures
  Crazy Yiuf (D:3)
  An iron imp (D:4)
  3 orc wizards (D:7)
  2 adders (D:2)
  An ufetubus (D:4)
  3 worms
  A dart slug (D:3)
  An orc (D:4)
  4 ball pythons
  6 endoplasms
  4 giant cockroaches
  6 goblins
  7 hobgoblins
  12 jackals
  4 quokkas
  4 bats (D:2)
  10 frilled lizards
  7 kobolds
  11 rats
88 creatures vanquished.

Vanquished Creatures (others)
  4 fungi (D:3)
4 creatures vanquished.

Grand Total: 92 creatures vanquished

Notes
Turn   | Place    | Note
-------+----------+-------------------------------------------
     0 | D:1      | mandarbmax the Minotaur Hunter began the quest for the Orb.
     0 | D:1      | Reached XP level 1. HP: 18/18 MP: 0/0
    64 | D:1      | Reached XP level 2. HP: 2/25 MP: 1/1
   376 | D:1      | Reached skill level 1 in Armour
   623 | D:1      | Found a faded altar of an unknown god.
   661 | D:1      | HP: 1/26 [frozen (4)]
  1001 | D:1      | Became a worshipper of the Shining One
  1001 | D:1      | Reached * piety under the Shining One
  1071 | D:1      | Reached XP level 3. HP: 31/31 MP: 2/2
  1629 | D:2      | Reached XP level 4. HP: 38/38 MP: 3/3
  1694 | D:2      | Reached skill level 1 in Invocations
  3182 | D:3      | Found a runed translucent door.
  3183 | D:3      | Noticed Crazy Yiuf
  3189 | D:3      | Killed Crazy Yiuf
  3190 | D:3      | Reached skill level 5 in Bows
  3190 | D:3      | Reached XP level 5. HP: 45/45 MP: 5/5
  3389 | D:4      | Found a snail-covered altar of Cheibriados.
  3420 | D:4      | Found an opulent altar of Gozag.
  3520 | D:4      | You fall into a shaft and drop 3 floors!
  3555 | D:7      | Noticed Joseph
  3587 | D:7      | Shot with a sling bullet by Joseph

Illustrated notes

Levels and vault maps discovered:
D:1:      minmay_arrival_nine_rooms, layout_rooms, basic_ecumenical_altar,
          minmay_pentomino_s2
D:2:      layout_loops_corners
D:3:      layout_loops_cross, uniq_crazy_yiuf_cottage
D:4:      layout_cave_pods, mainiacjoe_overflow_boulevard,
          amcnicky_altar_gilded, slow_altar_1
D:7:      layout_gridville, gammafunk_temple_overflow_pools,
          serial_co_window_serial, co_window_paths_a, co_window_corner_a,
          co_window_corner_a, co_window_paths_a, co_window_paths_b,
          co_window_broadway_a, co_window_broadway_a, co_window_broadway_b,
          co_window_unsneaky_path_e, co_window_cross_2, co_window_broadway_b,
          glass_columns_a, glass_columns_c, glass_columns_b, glass_columns_c,
          uniq_pikel, uniq_joseph

Skill      XL: |  1  2  3  4  5 |
---------------+----------------+-----
Armour         | 1 2 |  2.7
Fighting       | 3 |  3.9
Invocations    | 1 2 |  2.5
Dodging        | 3 |  3.4
Bows           | 5 |  5.2
Stealth        | |  0.7

Action                   |  1- 3 |  4- 6 || total
-------------------------+-------+-------++-------
Melee: Short sword       |    70 |       ||    70
       Headbutt          |     9 |    12 ||    21
       Quarterstaff      |    32 |    93 ||   125
  Use: Potion            |     1 |     3 ||     4
       Scroll            |       |     6 ||     6
Armor: Leather armour    |    29 |    13 ||    42
       Chain mail        |       |    27 ||    27
Dodge: Dodged            |    76 |    56 ||   132
